 Dungeon Crawl Stone Soup version 0.27-a0-1217-g8a41f320e8 (webtiles) character file.

Game seed: 18136493799164077161

29 Froggeryz the Chopper (level 3, -4/28 HPs)
             Began as a Palentonga Gladiator on June 6, 2021.
             Slain by a goblin
             ... wielding a +0 club
             ... led by Robin
              (5 damage)
             ... on level 2 of the Dungeon.
             The game lasted 00:01:13 (1108 turns).

Froggeryz the Chopper (Palentonga Gladiator)        Turns: 1108, Time: 00:01:14

Health: -4/28      AC:  6    Str: 18    XL:     3   Next: 1%
Magic:  3/3        EV:  9    Int:  8    God:
Gold:   64         SH:  0    Dex: 11    Spells: 2/2 levels left

rFire    . . .     SeeInvis +   a - +0 war axe
rCold    . . .     Faith    .   (no shield)
rNeg     . . .     Spirit   .   e - +0 ring mail
rPois    .         Reflect  .   c - +0 helmet
rElec    .         Harm     .   (no cloak)
rCorr    .         Rampage  .   (no gloves)
Will     .....                  (no barding)
Stlth    +.........             (no amulet)
HPRegen  0.09/turn              (no ring)
MPRegen  0.08/turn              (no ring)

@: flying, hasted, very quick
A: large, rugged brown scales 3, see invisible, deformed body, roll 1, armoured
tail
a: Rolling Charge


You were on level 2 of the Dungeon.
You visited 1 branch of the dungeon, and saw 2 of its levels.

You collected 64 gold pieces.

Inventory:

Hand Weapons
 a - a +0 war axe (weapon)
Missiles
 d - 3 throwing nets (quivered)
Armour
 c - a +0 helmet (worn)
 e - a +0 ring mail (worn)
Scrolls
 b - a scroll of blinking {unknown}
 h - a scroll of noise {unknown}
 i - a scroll of immolation {unknown}


   Skills:
 - Level 2.0 Fighting
 * Level 4.2 Axes
 - Level 1.3 Throwing
 - Level 2.4 Dodging


You had 2 spell levels left.
You didn't know any spells.
Your spell library was empty.

Dungeon Overview and Level Annotations

Branches:
Dungeon (2/15)

Altars:

Annotations:
D:2 Robin


Innate Abilities, Weirdness & Mutations

You are completely covered in rugged brown scales. (AC +3, +7% HP)
You have supernaturally acute eyesight. (SInv)
Armour fits poorly on your strangely shaped body.
You can roll at nearby foes to attack.
You have a long armoured tail.


Message History

The goblin shoots a stone.
The stone hits you. Robin throws the goblin at you! The goblin misses you.
You hit the goblin.
The goblin is heavily wounded.
You hit the goblin. x2
You kill the goblin!
The goblin hits you but does no damage. The goblin misses you.
A ball python comes into view.
The goblin barely misses you.
The goblin unwields a +0 hunting sling.
The goblin wields a +0 dagger.
The goblin barely misses you.
You barely miss the goblin.
The goblin is heavily wounded.
You completely miss the goblin. You barely miss the goblin. You hit the goblin.
You kill the goblin!
Robin flexes a bicep menacingly.
The goblin hits you with a +0 dagger. The goblin hits you but does no damage.
The goblin closely misses you.
You have reached level 3!
Your experience leads to an increase in your attributes!
Increase (S)trength, (I)ntelligence, or (D)exterity?
You feel stronger.
You barely miss the goblin.
The goblin is heavily wounded.
You miss the goblin. You hit the goblin. x2
The goblin hits you with a +0 club.
* * * LOW HITPOINT WARNING * * *
The goblin hits you with a +0 club.
* * * LOW HITPOINT WARNING * * *
The goblin barely misses you. The goblin hits you with a +0 dagger.
* * * LOW HITPOINT WARNING * * *
It was a potion of flight.
You feel very buoyant.
You fly up into the air.
The goblin closely misses you. The goblin hits you but does no damage.
The goblin barely misses you. The goblin hits you with a +0 dagger.
* * * LOW HITPOINT WARNING * * *
It was a potion of haste.
You feel yourself speed up.
A hobgoblin comes into view.
The goblin hits you but does no damage. The goblin hits you with a +0 club.
You die...

.....##.##.#.##..## ##.#
...........#.####.###.##
.......<####.####..#.##
........####.... #.#######
#....##.#...#######.......#
#.##......#.........#####.#
.....##.#...#######.# #.##
#.##g## #<# ..#g@g# #)#
####ggg# #..


#ggJ# #... #.S.# ##.## #.... .. #...## #. ..... .. ...g. ....... You could see
Robin, an endoplasm, 2 hobgoblins, 6 goblins and a ball python.

Vanquished Creatures
  3 endoplasms (D:1)
  A giant cockroach (D:1)
  6 goblins
  2 hobgoblins (D:1)
  2 quokkas
  A ball python (D:1)
  6 bats (D:1)
  A frilled lizard (D:1)
  2 kobolds (D:1)
  2 rats (D:1)
26 creatures vanquished.

Notes
Turn   | Place    | Note
-------+----------+-------------------------------------------
     0 | D:1      | Froggeryz the Palentonga Gladiator began the quest for the
                  | Orb.
     0 | D:1      | Reached XP level 1. HP: 17/17 MP: 1/1
   221 | D:1      | Reached XP level 2. HP: 23/23 MP: 2/2
   450 | D:1      | Found a faded altar of an unknown god.
   596 | D:1      | Reached skill level 4 in Axes
  1100 | D:2      | Noticed Robin
  1106 | D:2      | Reached XP level 3. HP: 9/28 MP: 3/3
  1107 | D:2      | HP: 1/28 [goblin/+0 dagger[Robin] (1)]
  1108 | D:2      | Slain by a goblin

Illustrated notes

Levels and vault maps discovered:
D:1:      ncdulo_wetmaze, layout_basic,
          shapermc_ecumenical_altar_mp_urbaneastern
D:2:      layout_loops_cross, chequers_arboretum, uniq_robin, uniq_terence

Skill      XL: |  1  2 |
---------------+-------+-----
Axes           | 4 |  4.2
Fighting       | |  2.0
Throwing       | |  1.3
Dodging        | |  2.4

Action                   || total
-------------------------++-------
Melee: War axe           ||    56
       Tailslap          ||     3
  Use: Potion            ||     2
Armor: Leather armour    ||     3
       Ring mail         ||    33
Dodge: Dodged            ||    41

Table legend: (Time is in decaauts)
 A = Elapsed time spent in this place.
 B = Non-inter-level travel time spent in this place.
 C = Inter-level travel time spent in this place.
 D = Time resting spent in this place.
 E = Time spent auto-exploring this place.
 F = Levels seen in this place.
 G = Mean time per level.
                   A        B        C        D        E       F      G
               +--------+--------+--------+--------+--------+-----+--------+
         Total |   1132 |   1129 |      3 |      0 |    966 |   2 |  566.0 |
       Dungeon |   1132 |   1129 |      3 |      0 |    966 |   2 |  566.0 |
               +--------+--------+--------+--------+--------+-----+--------+

Top non-repeatable levels by time:
     D:1: 1076 daAuts
     D:2: 55 daAuts
